Map: Simulacrum LE

Players

JohnnyV - Winner!

  • Race: Terran Terran
  • League: Bronze
  • Spawn Location: 5:00

chris

  • Race: Protoss Protoss
  • League: Silver
  • Spawn Location: 11:00

VOD

Have the link to the VOD?

Description

Time

  • Played on: April 30, 2020, 9:55 a.m.
  • Length: 2:46
Show
View Real Time Build Order
Export as new Build Order

JohnnyV Terran - Winner!

Build Orders:  

Get SALT Encoding   

  12  0:01  SCV  
  13  0:17  SCV, Supply Depot  
  14  0:29  SCV  
  15  0:40  Barracks  
  15  0:41  SCV  
  16  0:46  Refinery  
  16  0:53  SCV  
  17  1:05  Refinery  
  17  1:06  SCV  
  18  1:18  SCV  
  19  1:30  SCV  
  19  1:31  Reaper  
  21  1:36  Supply Depot  
  21  1:42  SCV  
  22  1:58  Factory  
  22  2:10  Barracks Tech Lab  
  22  2:12  Orbital Command  
  22  2:30  Ghost Academy  
Show
View Real Time Build Order
Export as new Build Order

chris Protoss 

Build Orders:  

Get SALT Encoding   

  12  1:16  Probe  
  13  1:22  Nexus  
  13  1:28  Probe  
  14  1:34  Nexus  
  14  1:41  Probe  
  14  1:47  Pylon  
  15  1:51  Assimilator  
  15  1:57  Assimilator  
  15  2:05  Probe  
  16  2:10  Gateway  
  16  2:17  Probe  
  17  2:23  Assimilator  
  17  2:26  Assimilator  
  17  2:32  Probe  
  18  2:38  Assimilator  
Tags
 
Add a new tag
Caveats
  • Supply blocks, unpowered buildings, or Contaminate may cause inaccurate times.
  • Supply counts are checked every 10 seconds.